[ AOE2 MATCH · #507825092 ]
UnrankedMongols vs Mongols
Player's team · WIN
Rival team · LOSS
[ REPLAY ANALYSIS · EXTRACTED FROM THE RECORDED GAME ]
Feudal
8:57
Castle
—
Imperial
—
| APM avg | 65.9 |
| APM peak | 81 |
| eAPM avg | 34.5 |
| Villagers / military | 29 / 0 |
Focus
⚔️ 57.5% · 🌾 42.5%
Feudal
—
Castle
—
Imperial
—
| APM avg | 65.6 |
| APM peak | 93 |
| eAPM avg | 15.2 |
| Villagers / military | 21 / 0 |
Focus
⚔️ 15.5% · 🌾 84.5%
Match map
Initial resources + every placement click. Lines = walls · curves = elevation contours. ◆ gold · ⬟ stone · ● berries · ✦ relic · ◌ wall gap
Your base
Guthrie_Govan's base
Smoothed initial terrain · ◌ = detected wall gap · hover for details
Inputs per minute
— 250130 - - Guthrie_Govan
Build order — 250130
45 actions detected in the replay
| 0:00 | Queue | Villager (Male) |
| 0:01 | Queue | Villager (Male) |
| 0:01 | Queue | Villager (Male) |
| 0:02 | Build | House |
| 0:03 | Build | House |
| 0:18 | Queue | Villager (Male) |
| 0:18 | Queue | Villager (Male) |
| 1:17 | Queue | Villager (Male) |
| 1:17 | Queue | Villager (Male) |
| 1:56 | Queue | Villager (Male) |
| 1:56 | Queue | Villager (Male) |
| 2:02 | Build | Lumber Camp |
| 2:20 | Build | Palisade Wall |
| 2:34 | Queue | Villager (Male) |
| 2:34 | Queue | Villager (Male) |
| 3:02 | Queue | Villager (Male) |
| 3:02 | Queue | Villager (Male) |
| 3:03 | Queue | Villager (Male) |
| 3:26 | Queue | Villager (Male) |
| 3:26 | Queue | Villager (Male) |
| 3:41 | Queue | Villager (Male) |
| 3:41 | Queue | Villager (Male) |
| 3:50 | Queue | Villager (Male) |
| 3:50 | Queue | Villager (Male) |
| 4:06 | Build | House |
| 4:33 | Queue | Villager (Male) |
| 4:33 | Queue | Villager (Male) |
| 4:33 | Queue | Villager (Male) |
| 4:36 | Build | House |
| 4:44 | Queue | Villager (Male) |
| 5:21 | Build | Palisade Wall |
| 5:22 | Build | Palisade Wall |
| 6:02 | Build | Mill |
| 6:03 | Queue | Villager (Male) |
| 6:03 | Research | Loom |
| 6:45 | Research | Feudal Age |
| 6:45 | Research | Feudal Age |
| 7:22 | Build | Palisade Wall |
| 7:24 | Build | Palisade Wall |
| 7:47 | Queue | Villager (Male) |
| 7:47 | Queue | Villager (Male) |
| 8:12 | Queue | Villager (Male) |
| 8:37 | Queue | Villager (Male) |
| 8:57 | Age | Feudal Age |
| 9:00 | Build | Barracks |
Build order — Guthrie_Govan
36 actions detected in the replay
| 0:00 | Queue | Villager (Male) |
| 0:00 | Queue | Villager (Male) |
| 0:00 | Queue | Villager (Male) |
| 0:01 | Queue | Villager (Male) |
| 0:02 | Build | House |
| 0:03 | Build | House |
| 1:20 | Build | Palisade Wall |
| 1:35 | Build | Palisade Wall |
| 1:47 | Queue | Villager (Male) |
| 1:57 | Queue | Villager (Male) |
| 1:57 | Queue | Villager (Male) |
| 2:21 | Build | Lumber Camp |
| 2:30 | Queue | Villager (Male) |
| 2:32 | Queue | Villager (Male) |
| 2:56 | Queue | Villager (Male) |
| 2:56 | Queue | Villager (Male) |
| 3:05 | Build | Palisade Wall |
| 3:16 | Queue | Villager (Male) |
| 3:34 | Build | House |
| 3:36 | Build | House |
| 3:47 | Queue | Villager (Male) |
| 3:52 | Queue | Villager (Male) |
| 4:10 | Queue | Villager (Male) |
| 4:11 | Queue | Villager (Male) |
| 5:06 | Queue | Villager (Male) |
| 5:19 | Queue | Villager (Male) |
| 5:40 | Queue | Villager (Male) |
| 6:23 | Build | Mill |
| 6:37 | Research | Loom |
| 6:51 | Queue | Villager (Male) |
| 6:51 | Queue | Villager (Male) |
| 7:42 | Build | Town Center |
| 7:45 | Build | Palisade Wall |
| 8:22 | Build | Palisade Wall |
| 8:23 | Build | Palisade Wall |
| 8:25 | Build | Palisade Wall |
Match timeline
| 1:20 | Guthrie_Govan · wall_segment Palisade Wall x1 |
| 1:35 | Guthrie_Govan · wall_segment Palisade Wall x1 |
| 2:20 | 250130 · wall_segment Palisade Wall x1 |
| 3:05 | Guthrie_Govan · wall_segment Palisade Wall x1 |
| 5:21 | 250130 · wall_segment Palisade Wall x1 |
| 5:22 | 250130 · wall_segment Palisade Wall x1 |
| 7:22 | 250130 · wall_segment Palisade Wall x7 |
| 7:24 | 250130 · wall_segment Palisade Wall x5 |
| 7:45 | Guthrie_Govan · wall_segment Palisade Wall x1 |
| 8:22 | Guthrie_Govan · wall_segment Palisade Wall x1 |
| 8:23 | Guthrie_Govan · wall_segment Palisade Wall x1 |
| 8:25 | Guthrie_Govan · wall_segment Palisade Wall x1 |
| 8:57 | 250130 · age_up feudal |
| 9:00 | 250130 · first_building Barracks |
| 9:04 | Guthrie_Govan · resign |
[ AI ANALYSIS · 1 CREDIT ]
What really happened in this match?
Wolo.gg analyzes every decision: build order, eco, micro, common mistakes by bracket. Personalized analysis on WhatsApp or Discord in 30 seconds.
Civ guide
Mongols
Perfil
250130